 Dungeon Sprint DCSS version 0.25.1-9-gc5326a611f (webtiles) character file.

Game seed: 14086943214366819671

422 raphaelitos the Fighter (level 6, -7/80 HPs)
             Began as an Ogre Berserker on Dec 26, 2020.
             Was a Believer of Trog.
             Succumbed to Sonja's curare-tipped dart
             ... in the Dungeon (Sprint I: "Red Sonja").
             The game lasted 00:01:40 (382 turns).

raphaelitos the Fighter (Ogre Berserker)             Turns: 382, Time: 00:01:41

Health: -7/80      AC:  3    Str: 24    XL:     6   Next: 95%
Magic:  6/6        EV: 12    Int:  8    God:    Trog [**....]
Gold:   297        SH:  0    Dex:  8    Spells: 5/5 levels left

rFire    . . .     SeeInvis .   k - +0 giant club
rCold    . . .     Gourm    .   (shield currently unavailable)
rNeg     . . .     Faith    .   b - +0 animal skin
rPois    .         Spirit   .   (helmet restricted)
rElec    .         Reflect  .   (no cloak)
rCorr    .         Harm     .   (gloves unavailable)
MR       .....     NoTele   +   (boots unavailable)
Stlth    +.........             (no amulet)
HPRegen  0.23/turn              (no ring)
MPRegen  0.10/turn              (no ring)

@: lethally poisoned (-7 -> -103), berserk cooldown, very slightly contaminated,
slowed, very slow
A: large, unfitting armour, tough skin 1
a: Berserk, Trog's Hand, Renounce Religion


You were in the Dungeon.
You worshipped Trog.
Trog was pleased with you.
You were very hungry.

You visited 1 branch You collected 297 gold pieces.

Inventory:

Hand Weapons
 a - a +0 hand axe
 k - a +0 giant club (weapon)
Armour
 b - a +0 animal skin (worn)
Scrolls
 l - 3 scrolls of enchant armour {unknown}
Potions
 d - a potion of curing
 e - a potion of heal wounds
 f - a potion of haste
 g - 2 potions of magic
 h - a potion of berserk rage
Comestibles
 c - a ration


   Skills:
 + Level 11.1 Fighting
 + Level 8.4(8.7) Axes
 + Level 2.8(5.6) Maces & Flails
 + Level 8.0 Dodging


You had 5 spell levels left.
You didn't know any spells.
Your spell library was empty.

Dungeon Overview and Level Annotations

Branches:
Dungeon (1/1)

Altars:
Cheibriados
Dithmenos
Elyvilon
Fedhas
Gozag
Hepliaklqana
Kikubaaqudgha
Nemelex Xobeh
Okawaru
Qazlal
Ru
Sif Muna
Trog
Uskayaw
Vehumet
Wu Jian
Yredelemnul
Zin
The Shining One

Shops:
D [

Annotations:
D Sonja


Innate Abilities, Weirdness & Mutations

You are too large for most types of armour.
You have tough skin. (AC +1)


Message History

Sonja blinks!
You are no longer berserk.
You are exhausted.
You feel yourself slow down.
* * * LOW HITPOINT WARNING * * *
You feel very sick.
Sonja throws a curare-tipped dart.
The curare-tipped dart hits you.
You are more poisoned.
You have difficulty breathing.
* * * LOW HITPOINT WARNING * * *
You feel as though you will be slow longer.
Blink to where?
Press: ? - help, Dir - move target cursor You are very lightly contaminated with residual magic.
As you read the scroll of blinking, it crumbles to dust.
* * * LOW HITPOINT WARNING * * *
You feel extremely sick.
Sonja throws a curare-tipped dart.
The curare-tipped dart barely misses you.
You die...

################
#<.#..'..#..'..#
#..)..#..').#..+
#..#####'#####'#
#..####..#...#.#
#..#__####..##@#
#..#_____##'#_.+
#⌠⌠#_.∩.§.'..._#
####_.._K##_.#'#
#_____###'#)#
####### #.###
$.$ $.$# ##.##


There were no monsters in sight!

Vanquished Creatures
  Sigmund (D)
  A yak (D)
  An ogre (D)
  A jelly (D)
  Ijyb (D)
5 creatures vanquished.

Vanquished Creatures (others)
  A gargoyle (D)
1 creature vanquished.

Grand Total: 6 creatures vanquished

Notes
Turn   | Place    | Note
-------+----------+-------------------------------------------
     0 | D        | raphaelitos the Ogre Berserker began the quest for the Orb.
     0 | D        | Reached XP level 1. HP: 24/24 MP: 1/1
     1 | D        | Noticed Ijyb
     9 | D        | Killed Ijyb
     9 | D        | Reached skill level 5 in Fighting
     9 | D        | Reached XP level 2. HP: 36/36 MP: 2/2
     9 | D        | Reached XP level 3. HP: 44/44 MP: 3/3
    57 | D        | Noticed an ogre
    63 | D        | Killed an ogre
    63 | D        | Reached skill level 7 in Fighting
    63 | D        | Reached skill level 5 in Axes
    63 | D        | Reached skill level 5 in Dodging
    63 | D        | Reached XP level 4. HP: 57/57 MP: 4/4
   125 | D        | Noticed Sigmund
   131 | D        | Killed Sigmund
   131 | D        | Reached ** piety under Trog
   131 | D        | Reached skill level 10 in Fighting
   131 | D        | Reached skill level 1 in Maces & Flails
   131 | D        | Reached XP level 5. HP: 68/68 MP: 5/5
   131 | D        | Reached XP level 6. HP: 78/78 MP: 6/6
   182 | D        | Found a shimmering blue altar of Sif Muna.
   183 | D        | Found an ornate altar of the Wu Jian Council.
   184 | D        | Found a radiant altar of Vehumet.
   244 | D        | Killed a gargoyle
   346 | D        | Found Qulatz's Antique Armour Emporium.
   346 | D        | Found an ancient bone altar of Kikubaaqudgha.
   346 | D        | Found a hazy altar of Hepliaklqana.
   346 | D        | Found a stormy altar of Qazlal.
   346 | D        | Found a hide-covered altar of Uskayaw.
   346 | D        | Found a blossoming altar of Fedhas.
   346 | D        | Found a bloodstained altar of Trog.
   346 | D        | Found an iron altar of Okawaru.
   346 | D        | Found a basalt altar of Yredelemnul.
   346 | D        | Found a glowing golden altar of the Shining One.
   346 | D        | Found a snail-covered altar of Cheibriados.
   346 | D        | Found a sacrificial altar of Ru.
   346 | D        | Found a glowing silver altar of Zin.
   346 | D        | Found a shadowy altar of Dithmenos.
   346 | D        | Found a white marble altar of Elyvilon.
   346 | D        | Noticed a yak
   347 | D        | Found an opulent altar of Gozag.
   349 | D        | Killed a yak
   349 | D        | Reached skill level 11 in Fighting
   350 | D        | Found a sparkling altar of Nemelex Xobeh.
   368 | D        | Noticed Sonja
   381 | D        | HP: 4/80 [poisoned by Sonja (curare-tipped dart)]
   382 | D        | Succumbed to Sonja's curare-tipped dart

Illustrated notes

Levels and vault maps discovered:
D:        dungeon_sprint_1 [red_sonja_temple_1, red_sonja_temple_small_1]

Skill      XL: |  1  2  3  4  5  6 |
---------------+-------------------+-----
Fighting       | 5 7 10 11 | 11.1
Axes           | 4 5 7 8 |  8.4
Dodging        | 4 5 7 8 |  8.0
Maces & Flails | 1 2 |  2.8

Action                   |  1- 3 |  4- 6 || total
-------------------------+-------+-------++-------
Melee: Hand axe          |    12 |       ||    12
       Giant club        |       |    15 ||    15
Invok: Berserk           |     2 |     3 ||     5
  Use: Scroll            |       |     1 ||     1
  Eat: Chunk             |       |     2 ||     2
Armor: Animal skin       |       |     5 ||     5
Dodge: Dodged            |     1 |    15 ||    16
